 Dungeon Crawl Stone Soup version 0.32-a0-473-gd044c6f0f0 (webtiles) character file.

Game seed: 16854199311543311875

312 ryw the Trooper (level 6, -4/52 HPs)
             Began as a Demonspawn Monk on Feb 25, 2024.
             Slain by a gnoll
             ... wielding a +0 halberd
              (13 damage)
             ... on level 4 of the Dungeon.
             The game lasted 00:03:53 (2452 turns).

ryw the Trooper (Demonspawn Monk)                   Turns: 2452, Time: 00:03:53

Health: -4/52      AC:  6    Str: 11    XL:     6   Next: 18%
Magic:  6/6        EV: 12    Int: 13    God:
Gold:   188        SH:  0    Dex: 15    Spells: 5/5 levels left

rFire   . .          .
                       - Unarmed
rCold   . . .        c - orb {light}
rNeg    . . .        o - +0 scale mail
rPois   .            (no helmet)
rElec   .            (no cloak)
rCorr   .            (no gloves)
SInv    .            (no boots)
Will    .....        (no amulet) Stlth
                     (no ring)
HPRegen 0.28/turn    (no ring)
MPRegen 0.10/turn

%: no passive effects
@: glowing
A: claws 2, repulsion field 1, spiny 1
a: no special abilities


You were on level 4 of the Dungeon.
You visited 1 branch of the dungeon, and saw 4 of its levels.

You collected 188 gold pieces.

Inventory:

Armour
 c - an orb of light (worn)
 o - a +0 scale mail (worn)
Scrolls
 d - a scroll of enchant armour {unknown}
 e - a scroll of amnesia {unknown}
 g - 2 scrolls of fear {unknown}
 h - 2 scrolls of poison {unknown}
 j - 3 scrolls of blinking {unknown}
 k - a scroll of vulnerability {unknown}
 l - a scroll of teleportation {unknown}
Potions
 a - a potion of might
 b - a potion of ambrosia
 f - a potion of resistance
 m - a potion of attraction
 n - a potion of mutation
 p - a potion of curing


   Skills:
 - Level 6.0 Fighting
 - Level 4.0 Dodging
 * Level 3.1 Unarmed Combat


You had 5 spell levels left.
You didn't know any spells.
Your spell library contained the following spells:

 Spells                   Type           Power      Damage    Failure   Level
 Summon Small Mammal      Summ           0%         N/A       89%         1
 Jinxbite                 Hex            0%         N/A       96%         2
 Call Canine Familiar     Summ           0%         N/A       99%         3
 Anguish                  Hex/Necr       0%         N/A       100%        4
 Cause Fear               Hex            0%         N/A       100%        4
 Summon Blazeheart Golem  Fire/Summ      0%         N/A       100%        4


Dungeon Overview and Level Annotations

Branches:
Dungeon (4/15)
 Temple: D:4-7

Altars:
Fedhas

Shops:
D:2 [

Annotations:
D:2 2 transporters


Innate Abilities, Weirdness & Mutations

You have very sharp fingernails.
You are surrounded by a mild repulsion field. (EV +2)
You are partially covered in sharp spines.


Message History

Training target 6.0 for Fighting reached!
Your Fighting skill increases to level 6!
Your Unarmed Combat skill increases to level 3!
The gnoll attacks as it pursues you! The gnoll is struck by your spines.
The gnoll closely misses you.
You barely miss the gnoll.
The gnoll is lightly wounded.
The gnoll hits you with a +0 club. The gnoll barely misses you.
You scratch the gnoll.
The gnoll is moderately wounded.
The gnoll barely misses you.
You claw the gnoll!
The gnoll is almost dead.
The gnoll hits you from afar with a +0 halberd.
The gnoll barely misses you.
You claw the gnoll!
You kill the gnoll!
The gnoll barely misses you. The gnoll attacks as it pursues you!
The gnoll hits you from afar with a +0 halberd.
The gnoll attacks as it pursues you! The gnoll closely misses you.
The gnoll attacks as it pursues you! The gnoll barely misses you.
The gnoll attacks as it pursues you!
The gnoll hits you from afar with a +0 halberd.
Things that are here:
a +0 dagger; a goblin corpse The gnoll attacks as it pursues you!
The gnoll closely misses you. The gnoll attacks as it pursues you!
The gnoll closely misses you. The gnoll attacks as it pursues you!
The gnoll hits you from afar with a +0 halberd.
The gnoll attacks as it pursues you! The gnoll barely misses you.
The gnoll attacks as it pursues you!
The gnoll hits you from afar with a +0 halberd!
The gnoll attacks as it pursues you!
The gnoll hits you from afar with a +0 halberd!
* * * LOW HITPOINT WARNING * * *
The gnoll attacks as it pursues you! The gnoll barely misses you.
The gnoll attacks as it pursues you!
The gnoll hits you from afar with a +0 halberd!
You die...

#.##># #...### #.##.#
#......
#.##.###.#.###
#.##.......#
#.######.#.# #.#
#.#.# #.# #.#.#
########.######.#.##
#...@.g..g.........##
#.###############....
#.# #.### #.# ...#
#.# ###.# #.# #.# #.#
#$# #.# #.# #.# #.#


You could see 2 gnolls.

Vanquished Creatures
  Grinder (D:3)
  3 adders
  2 gnolls (D:4)
  4 dart slugs
  An orc (D:3)
  3 bats
  5 endoplasms
  3 giant cockroaches
  5 goblins
  4 hobgoblins
  7 kobolds
  7 quokkas
  5 ball pythons
  4 rats
54 creatures vanquished.

Notes
Turn   | Place    | Note
-------+----------+-------------------------------------------
     0 | D:1      | ryw the Demonspawn Monk began the quest for the Orb.
     0 | D:1      | Reached XP level 1. HP: 18/18 MP: 1/1
   182 | D:1      | Gained mutation: You are partially covered in sharp spines.
                  | [demonic ancestry]
   182 | D:1      | Reached XP level 2. HP: 23/24 MP: 2/2
   501 | D:1      | Found a faded altar of an unknown god.
   717 | D:2      | Found a transporter.
   846 | D:2      | Gained mutation: You are surrounded by a mild repulsion
                  | field. (EV +2) [demonic ancestry]
   846 | D:2      | Reached XP level 3. HP: 21/29 MP: 3/3
  1011 | D:2      | Got the Codex of Anathema
  1217 | D:2      | Found a transporter.
  1219 | D:2      | Found Qozunoafe's Antique Armour Shop.
  1358 | D:2      | Reached skill level 4 in Fighting
  1601 | D:3      | Noticed Grinder
  1601 | D:3      | Paralysed by Grinder for 4 turns
  1612 | D:3      | Paralysed by Grinder for 3 turns
  1614 | D:3      | HP: 1/30 [Grinder/nerve-wracking pain (1)]
  1623 | D:3      | Killed Grinder
  1624 | D:3      | Reached skill level 5 in Fighting
  1624 | D:3      | Reached XP level 4. HP: 26/40 MP: 4/4
  1624 | D:3      | Gained mutation: You have sharp fingernails. [demonic
                  | ancestry]
  1624 | D:3      | Reached XP level 5. HP: 29/46 MP: 5/5
  1984 | D:3      | Gained mutation: You have very sharp fingernails. [demonic
                  | ancestry]
  1984 | D:3      | Reached XP level 6. HP: 52/52 MP: 6/6
  2409 | D:4      | Found a blossoming altar of Fedhas.
  2420 | D:4      | Reached skill level 6 in Fighting
  2452 | D:4      | Slain by a gnoll

Illustrated notes

Levels and vault maps discovered:
D:1:      kennysheep_arrival_forest, layout_loops_ring,
          chequers_ecumenical_altar_twisty
D:2:      layout_loops_ring, serial_shops, nicolae_shop_drivethru
D:3:      layout_loops_ring, uniq_grinder
D:4:      layout_loops_ring, fedhas_altar_2, minmay_shop_damaged,
          nicolae_elemental_shop

Skill      XL: |  1  2  3  4  5  6 |
---------------+-------------------+-----
Dodging        | 3 4 |  4.0
Fighting       | 5 6 |  6.0
Unarmed Combat | 3 |  3.1

Action                     |  1- 3 |  4- 6 || total
---------------------------+-------+-------++-------
  Melee: Unarmed           |    31 |    36 ||    67
         Falchion          |    55 |       ||    55
    Use: Potion            |     4 |       ||     4
         Scroll            |       |     5 ||     5
 Armour: Robe              |    24 |       ||    24
         Scale mail        |    15 |    22 ||    37
         Chain mail        |     6 |       ||     6
  Dodge: Dodged            |    50 |    29 ||    79

Table legend: (Time is in decaauts)
 A = Elapsed time spent in this place.
 B = Non-inter-level travel time spent in this place.
 C = Inter-level travel time spent in this place.
 D = Time resting spent in this place.
 E = Time spent auto-exploring this place.
 F = Levels seen in this place.
 G = Mean time per level.
                   A        B        C        D        E       F      G
               +--------+--------+--------+--------+--------+-----+--------+
         Total |   2470 |   2351 |    119 |      1 |   1949 |   4 |  617.5 |
       Dungeon |   2470 |   2351 |    119 |      1 |   1949 |   4 |  617.5 |
               +--------+--------+--------+--------+--------+-----+--------+

Top non-repeatable levels by time:
     D:2: 841 daAuts
     D:3: 798 daAuts
     D:1: 714 daAuts
     D:4: 115 daAuts
